| TOP OF THE 1ST |
|
San Diego Padres batting - Pitching for Houston Astros : RHP Brian Lynch
|
|
Pitching: RHP Brian Lynch
|
|
|
Batting: SHB Antoine Roux
|
0-0: Called Strike 0-1: Called Strike 0-2: Ball 1-2: Strikes out looking
|
|
Batting: SHB Phil Zacharia
|
0-0: Called Strike 0-1: SOLO HOME RUN (Flyball, 7D, EV 96.9 MPH), Distance : 377 ft
|
|
Batting: LHB Mike Holt
|
0-0: Ball 1-0: Ball 2-0: Ground out 5-3 (Groundball, 56, EV 89.4 MPH)
|
|
Batting: RHB Jorge Severiano
|
0-0: Ball 1-0: Ground out 6-3 (Groundball, 6, EV 100.0 MPH)
|
| Top of the 1st over - 1 run, 1 hit, 0 errors, 0 left on base; San Diego 1 - Houston 0 |
| BOTTOM OF THE 1ST |
|
Houston Astros batting - Pitching for San Diego Padres : LHP Matt Wheeler
|
|
Pitching: LHP Matt Wheeler
|
|
|
Batting: RHB Chang-wei Jiang
|
0-0: Called Strike 0-1: Ball 1-1: Ball 2-1: Ball 3-1: SINGLE (Groundball, 6D, EV 96.2 MPH)
|
|
Batting: RHB Josh Froyd
|
0-0: Ball 1-0: Swinging Strike 1-1: Ball 2-1: Swinging Strike 2-2: Ball 3-2: Foul Ball, location: 2F 3-2: Foul Ball, location: 2F 3-2: Strikes out swinging Chang-wei Jiang is caught stealing 2nd base 2-4 Batter strikes out.
|
|
Batting: RHB Chris Lane
|
0-0: Called Strike 0-1: Ball 1-1: Foul Ball, location: 2F 1-2: DOUBLE (Line Drive, 8RXD, EV 106.9 MPH)
|
|
Batting: LHB Shigeru Ono
|
0-0: Ground out 6-3 (Groundball, 6M, EV 85.6 MPH)
|
| Bottom of the 1st over - 0 runs, 2 hits, 0 errors, 1 left on base; San Diego 1 - Houston 0 |
| TOP OF THE 2ND |
|
San Diego Padres batting - Pitching for Houston Astros : RHP Brian Lynch
|
|
Batting: RHB Chiel Palstermans
|
0-0: Foul Ball, location: 2F 0-1: Ball 1-1: Foul Ball, location: 2F 1-2: Strikes out swinging
|
|
Batting: LHB Aaron LeBlanc
|
0-0: Ball 1-0: Ball 2-0: Called Strike 2-1: Ball 3-1: Fly out, F8 (Flyball, 8RD, EV 103.1 MPH)
|
|
Batting: RHB Dietmar Warmisch
|
0-0: Called Strike 0-1: Ball 1-1: Ball 2-1: Foul Ball, location: 2F 2-2: Ball 3-2: Fly out, F8 (Line Drive, 8LM, EV 105.0 MPH)
|
| Top of the 2nd over - 0 runs, 0 hits, 0 errors, 0 left on base; San Diego 1 - Houston 0 |
| BOTTOM OF THE 2ND |
|
Houston Astros batting - Pitching for San Diego Padres : LHP Matt Wheeler
|
|
Batting: RHB Matt Thompson
|
0-0: Called Strike 0-1: Ball 1-1: Called Strike 1-2: Foul Ball, location: 2F 1-2: Ball 2-2: Strikes out swinging
|
|
Batting: SHB Joe Gardner
|
0-0: Called Strike 0-1: Ball 1-1: Foul Ball, location: 2F 1-2: Ground out 5-3 (Groundball, 56S, EV 85.6 MPH)
|
|
Batting: RHB Jeremy Trump
|
0-0: Ball 1-0: Called Strike 1-1: Foul Ball, location: 2F 1-2: Ball 2-2: Fly out, F9 (Flyball, 9LDF, EV 96.9 MPH)
|
| Bottom of the 2nd over - 0 runs, 0 hits, 0 errors, 0 left on base; San Diego 1 - Houston 0 |
| TOP OF THE 3RD |
|
San Diego Padres batting - Pitching for Houston Astros : RHP Brian Lynch
|
|
Batting: SHB Rich Chavez
|
0-0: Ball 1-0: Ball 2-0: Ball 3-0: Base on Balls
|
|
Batting: LHB Ryan Flynn Jr.
|
0-0: Ball 1-0: Called Strike 1-1: Called Strike 1-2: Foul Ball, location: 2F 1-2: Foul Ball, location: 2F 1-2: Foul Ball, location: 2F 1-2: SINGLE (Line Drive, 8RS, EV 105.6 MPH) Rich Chavez to second
|
|
Batting: SHB Antoine Roux
|
0-0: Ball 1-0: Foul Ball, location: 2F 1-1: Ball 2-1: SINGLE (Flyball, 78S, EV 90.0 MPH) Rich Chavez to third Ryan Flynn Jr. to second
|
|
Batting: SHB Phil Zacharia
|
0-0: Ball 1-0: Foul Ball, location: 2F 1-1: Ball 2-1: Ball 3-1: Base on Balls Rich Chavez scores Ryan Flynn Jr. to third Antoine Roux to second
|
|
Batting: LHB Mike Holt
|
0-0: Fly out, F7 (Flyball, 7S, EV 88.8 MPH) Runner from 3rd tags up, SCORES, throw by LF
|
|
Batting: RHB Jorge Severiano
|
0-0: Foul Ball, location: 2F 0-1: Called Strike 0-2: Ball 1-2: Strikes out swinging
|
|
Batting: RHB Chiel Palstermans
|
0-0: Called Strike 0-1: Ball 1-1: Ground out U3 (Groundball, 34, EV 77.5 MPH)
|
| Top of the 3rd over - 2 runs, 2 hits, 0 errors, 2 left on base; San Diego 3 - Houston 0 |
| BOTTOM OF THE 3RD |
|
Houston Astros batting - Pitching for San Diego Padres : LHP Matt Wheeler
|
|
Batting: SHB Troy Kenyon
|
0-0: Ball 1-0: Called Strike 1-1: Fly out, F7 (Line Drive, 7S, EV 89.4 MPH)
|
|
Batting: RHB Antonio Aranda
|
0-0: Called Strike 0-1: Ball 1-1: Ball 2-1: Ball 3-1: Called Strike 3-2: Strikes out swinging
|
|
Batting: RHB Chang-wei Jiang
|
0-0: Swinging Strike 0-1: Ball 1-1: Ball 2-1: Ball 3-1: Base on Balls
|
|
Batting: RHB Josh Froyd
|
0-0: Called Strike 0-1: Ball 1-1: Ball 2-1: Ball 3-1: Base on Balls Chang-wei Jiang to second
|
|
Batting: RHB Chris Lane
|
0-0: Called Strike 0-1: Foul Ball, location: 2F 0-2: Ball 1-2: Strikes out swinging
|
| Bottom of the 3rd over - 0 runs, 0 hits, 0 errors, 2 left on base; San Diego 3 - Houston 0 |
| TOP OF THE 4TH |
|
San Diego Padres batting - Pitching for Houston Astros : RHP Brian Lynch
|
|
Batting: LHB Aaron LeBlanc
|
0-0: Ball 1-0: Foul Ball, location: 2F 1-1: SINGLE (Line Drive, 5D, EV 95.6 MPH)
|
|
Batting: RHB Dietmar Warmisch
|
0-0: Ball 1-0: Ball Aaron LeBlanc steals 2nd base 2-0: Foul Ball, location: 2F 2-1: SINGLE (Line Drive, 34D, EV 103.8 MPH) Aaron LeBlanc to third Runner from 3rd tries for Home, SAFE, throw by RF to home
|
|
Batting: SHB Rich Chavez
|
0-0: Called Strike 0-1: SINGLE (Line Drive, 78S, EV 105.0 MPH) Dietmar Warmisch to second
|
|
Batting: LHB Ryan Flynn Jr.
|
0-0: Called Strike 0-1: Swinging Strike 0-2: Strikes out swinging
|
|
Batting: SHB Antoine Roux
|
0-0: Ball 1-0: Foul Ball, location: 2F 1-1: Called Strike 1-2: Ball 2-2: Fielders Choice at 2nd, 3-6 (Groundball, 3, EV 84.4 MPH) Dietmar Warmisch to third
|
|
Batting: SHB Phil Zacharia
|
0-0: Ball 1-0: Ball 2-0: Ball 3-0: Called Strike 3-1: Foul Ball, location: 2F 3-2: Foul Ball, location: 2F 3-2: Base on Balls Antoine Roux to second
|
|
Batting: LHB Mike Holt
|
0-0: Ball 1-0: Foul Ball, location: 2F 1-1: Swinging Strike 1-2: Strikes out swinging
|
| Top of the 4th over - 1 run, 3 hits, 0 errors, 3 left on base; San Diego 4 - Houston 0 |
| BOTTOM OF THE 4TH |
|
Houston Astros batting - Pitching for San Diego Padres : LHP Matt Wheeler
|
|
Batting: LHB Shigeru Ono
|
0-0: Ball 1-0: SINGLE (Line Drive, 3D, EV 94.4 MPH)
|
|
Batting: RHB Matt Thompson
|
0-0: Foul Ball, location: 2F 0-1: Ball Wild Pitch! Shigeru Ono to second 1-1: Ground out 5-3 (Groundball, 5, EV 86.9 MPH)
|
|
Batting: SHB Joe Gardner
|
0-0: Called Strike 0-1: Swinging Strike 0-2: Ball 1-2: Strikes out swinging
|
|
Batting: RHB Jeremy Trump
|
0-0: Ball 1-0: Called Strike 1-1: Swinging Strike 1-2: Foul Ball, location: 2F 1-2: Strikes out swinging
|
| Bottom of the 4th over - 0 runs, 1 hit, 0 errors, 1 left on base; San Diego 4 - Houston 0 |
| TOP OF THE 5TH |
|
San Diego Padres batting - Pitching for Houston Astros : RHP Brian Lynch
|
|
Batting: RHB Jorge Severiano
|
0-0: Ground out 6-3 (Groundball, 6, EV 86.9 MPH)
|
|
Batting: RHB Chiel Palstermans
|
0-0: Foul Ball, location: 2F 0-1: Swinging Strike 0-2: Foul Ball, location: 2F 0-2: Ground out U3 (Groundball, 34, EV 78.8 MPH)
|
|
Batting: LHB Aaron LeBlanc
|
0-0: Ball 1-0: Swinging Strike 1-1: Swinging Strike 1-2: Strikes out looking
|
| Top of the 5th over - 0 runs, 0 hits, 0 errors, 0 left on base; San Diego 4 - Houston 0 |
| BOTTOM OF THE 5TH |
|
Houston Astros batting - Pitching for San Diego Padres : LHP Matt Wheeler
|
|
Batting: SHB Troy Kenyon
|
0-0: Ball 1-0: Foul Ball, location: 2F 1-1: Foul Ball, location: 2F 1-2: Foul Ball, location: 2F 1-2: Strikes out looking
|
|
Batting: RHB Antonio Aranda
|
0-0: Swinging Strike 0-1: Ball 1-1: Swinging Strike 1-2: Ball 2-2: Foul Ball, location: 2F 2-2: Ball 3-2: Fly out, F9 (Flyball, 9, EV 88.1 MPH)
|
|
Batting: RHB Chang-wei Jiang
|
0-0: Ball 1-0: Called Strike 1-1: Ball 2-1: SOLO HOME RUN (Line Drive, 7D, EV 113.1 MPH), Distance : 424 ft
|
|
Batting: RHB Josh Froyd
|
0-0: Swinging Strike 0-1: Foul Ball, location: 2F 0-2: Foul Ball, location: 2F 0-2: Ball 1-2: Fly out, F7 (Flyball, 7LS, EV 91.2 MPH)
|
| Bottom of the 5th over - 1 run, 1 hit, 0 errors, 0 left on base; San Diego 4 - Houston 1 |
| TOP OF THE 6TH |
|
San Diego Padres batting - Pitching for Houston Astros : RHP Brian Lynch
|
|
Batting: RHB Dietmar Warmisch
|
0-0: Ball 1-0: Ball 2-0: Foul Ball, location: 2F 2-1: Foul Ball, location: 2F 2-2: Ball 3-2: SINGLE (Flyball, 78S, EV 81.2 MPH)
|
|
Batting: SHB Rich Chavez
|
0-0: Swinging Strike 0-1: Ball 1-1: Ball 2-1: Fly out, F7 (Flyball, 7LM, EV 95.0 MPH)
|
|
Pitching: RHP Jason Decker
|
|
|
Batting: LHB Ryan Flynn Jr.
|
0-0: Foul Ball, location: 2F 0-1: Ball 1-1: Ball 2-1: Fly out, F8 (Flyball, 8LS, EV 86.9 MPH)
|
|
Batting: SHB Antoine Roux
|
0-0: Ball 1-0: Called Strike 1-1: Swinging Strike 1-2: Ball 2-2: Foul Ball, location: 2F 2-2: Ball 3-2: Base on Balls Dietmar Warmisch to second
|
|
Batting: SHB Phil Zacharia
|
0-0: Ball 1-0: Ball 2-0: Foul Ball, location: 2F 2-1: Called Strike 2-2: Ball 3-2: Ground out 5-3 (Groundball, 5S, EV 62.5 MPH)
|
| Top of the 6th over - 0 runs, 1 hit, 0 errors, 2 left on base; San Diego 4 - Houston 1 |
| BOTTOM OF THE 6TH |
|
Houston Astros batting - Pitching for San Diego Padres : LHP Matt Wheeler
|
|
Batting: RHB Chris Lane
|
0-0: Called Strike 0-1: Foul Ball, location: 2F 0-2: Strikes out swinging
|
|
Batting: LHB Shigeru Ono
|
0-0: Called Strike 0-1: Ball 1-1: Ground out 4-3 (Groundball, 4, EV 105.6 MPH)
|
|
Batting: RHB Matt Thompson
|
0-0: Called Strike 0-1: Ball 1-1: Foul Ball, location: 2F 1-2: Foul Ball, location: 2F 1-2: Foul Ball, location: 2F 1-2: Foul Ball, location: 2F 1-2: Strikes out swinging
|
| Bottom of the 6th over - 0 runs, 0 hits, 0 errors, 0 left on base; San Diego 4 - Houston 1 |
| TOP OF THE 7TH |
|
San Diego Padres batting - Pitching for Houston Astros : RHP Jason Decker
|
|
Batting: LHB Mike Holt
|
0-0: Foul Ball, location: 2F 0-1: Swinging Strike 0-2: Hit by Pitch
|
|
Batting: RHB Jorge Severiano
|
0-0: Called Strike 0-1: Called Strike 0-2: Ball 1-2: Foul Ball, location: 2F 1-2: Grounds into double play, 4-6-3 (Groundball, 4, EV 83.1 MPH)
|
|
Batting: RHB Chiel Palstermans
|
0-0: Ball 1-0: Ground out U3 (Groundball, 3, EV 88.8 MPH)
|
| Top of the 7th over - 0 runs, 0 hits, 0 errors, 0 left on base; San Diego 4 - Houston 1 |
| BOTTOM OF THE 7TH |
|
Houston Astros batting - Pitching for San Diego Padres : LHP Matt Wheeler
|
|
Pitching: RHP Raul Almonte
|
|
|
Batting: SHB Joe Gardner
|
0-0: Bunt for hit to 15S - play at first, batter OUT! 1-3
|
|
Batting: RHB Jeremy Trump
|
0-0: Ball 1-0: Ball 2-0: Called Strike 2-1: Called Strike 2-2: Foul Ball, location: 2F 2-2: Ball 3-2: Ground out 3-1 (Groundball, 34, EV 85.0 MPH)
|
|
Batting: SHB Troy Kenyon
|
0-0: SINGLE (Groundball, 56D, EV 105.0 MPH)
|
|
Batting: RHB Antonio Aranda
|
0-0: Ball 1-0: Ball 2-0: Foul Ball, location: 2F 2-1: Foul Ball, location: 2F 2-2: Ball 3-2: Foul Ball, location: 2F 3-2: Strikes out swinging, 2-3 out at first.
|
| Bottom of the 7th over - 0 runs, 1 hit, 0 errors, 1 left on base; San Diego 4 - Houston 1 |
| TOP OF THE 8TH |
|
San Diego Padres batting - Pitching for Houston Astros : RHP Jason Decker
|
|
Batting: LHB Aaron LeBlanc
|
0-0: Ball 1-0: Called Strike 1-1: Ball 2-1: Foul Ball, location: 2F 2-2: Ball 3-2: Ground out 1-3 (Groundball, 34S, EV 69.4 MPH)
|
|
Batting: RHB Dietmar Warmisch
|
0-0: Ball 1-0: Ground out 6-3 (Groundball, 6, EV 101.9 MPH)
|
|
Batting: SHB Rich Chavez
|
0-0: Called Strike 0-1: Ground out 4-3 (Groundball, 4, EV 111.2 MPH)
|
| Top of the 8th over - 0 runs, 0 hits, 0 errors, 0 left on base; San Diego 4 - Houston 1 |
| BOTTOM OF THE 8TH |
|
Houston Astros batting - Pitching for San Diego Padres : RHP Raul Almonte
|
|
Pitching: RHP Arturo Diaz
|
|
|
Batting: RHB Chang-wei Jiang
|
0-0: Swinging Strike 0-1: Ground out 6-3 (Groundball, 6MD, EV 86.9 MPH)
|
|
Batting: RHB Josh Froyd
|
0-0: Called Strike 0-1: Called Strike 0-2: Fly out, F6 (Popup, 6M, EV 76.2 MPH)
|
|
Batting: RHB Chris Lane
|
0-0: Ball 1-0: Ball 2-0: Ball 3-0: Base on Balls
|
|
Batting: LHB Shigeru Ono
|
0-0: Called Strike 0-1: Foul Ball, location: 2F 0-2: Ball 1-2: Strikes out looking
|
| Bottom of the 8th over - 0 runs, 0 hits, 0 errors, 1 left on base; San Diego 4 - Houston 1 |
| TOP OF THE 9TH |
|
San Diego Padres batting - Pitching for Houston Astros : RHP Jason Decker
|
|
Pitching: RHP Bill Garcia
|
|
|
Batting: LHB Ryan Flynn Jr.
|
0-0: Called Strike 0-1: Ball 1-1: Ball 2-1: DOUBLE (Line Drive, 89M, EV 90.6 MPH)
|
|
Batting: SHB Antoine Roux
|
0-0: Called Strike 0-1: Ball 1-1: Swinging Strike 1-2: Strikes out swinging
|
|
Batting: SHB Phil Zacharia
|
0-0: Ball 1-0: Swinging Strike 1-1: Fly out, F7 (Line Drive, 7, EV 89.4 MPH)
|
|
Batting: LHB Mike Holt
|
0-0: Called Strike 0-1: 2-RUN HOME RUN (Flyball, 9D, EV 103.8 MPH), Distance : 401 ft
|
|
Batting: RHB Jorge Severiano
|
0-0: Swinging Strike 0-1: Ball 1-1: Foul Ball, location: 2F 1-2: Strikes out looking
|
| Top of the 9th over - 2 runs, 2 hits, 0 errors, 0 left on base; San Diego 6 - Houston 1 |
| BOTTOM OF THE 9TH |
|
Houston Astros batting - Pitching for San Diego Padres : RHP Arturo Diaz
|
|
Batting: RHB Matt Thompson
|
0-0: Called Strike 0-1: Ball 1-1: Foul Ball, location: 2F 1-2: Foul Ball, location: 2F 1-2: Strikes out swinging
|
|
Batting: SHB Joe Gardner
|
0-0: Ball 1-0: Called Strike 1-1: Ball 2-1: Ground out U3 (Groundball, 34, EV 85.0 MPH)
|
|
Batting: RHB Jeremy Trump
|
0-0: Called Strike 0-1: Called Strike 0-2: Strikes out looking
|
| Bottom of the 9th over - 0 runs, 0 hits, 0 errors, 0 left on base; San Diego 6 - Houston 1 |
|